 Dungeon Crawl Stone Soup version 0.28.0-53-g5a82cb258f (webtiles) character file.

Game seed: 17393294110269114306

184 safid the Chopper (level 5, -1/46 HPs)
             Began as a Hill Orc Fighter on June 25, 2022.
             Slain by an ogre
             ... wielding a +0 giant club
              (16 damage)
             ... on level 4 of the Dungeon.
             The game lasted 00:02:35 (2616 turns).

safid the Chopper (Hill Orc Fighter)                Turns: 2616, Time: 00:02:36

Health: -1/46      AC:  7    Str: 21    XL:     5   Next: 63%
Magic:  5/5        EV:  9    Int:  8    God:
Gold:   112        SH:  4    Dex: 10    Spells: 4/4 levels left

rFire   . . .      SeeInvis .   a - +0 war axe
rCold   . . .      Faith    .   c - +0 buckler
rNeg    + . .      Spirit   .   b - +0 scale mail
rPois   .          Reflect  .   (no helmet)
rElec   .          Harm     .   (no cloak)
rCorr   .          Rampage  .   (no gloves)
Will    .....                   (no boots)
Stlth   ..........              (no amulet)
HPRegen 0.15/turn               n - ring of positive energy
MPRegen 0.09/turn               l - ring of flight

@: flying
A: no striking features
a: no special abilities


You were on level 4 of the Dungeon.
You visited 1 branch of the dungeon, and saw 4 of its levels.

You collected 112 gold pieces.

Inventory:

Hand Weapons
 a - a +0 war axe (weapon)
Armour
 b - a +0 scale mail (worn)
 c - a +0 buckler (worn)
Jewellery
 g - an amulet of magic regeneration
 l - a ring of flight (right hand)
 n - a ring of positive energy (left hand)
Scrolls
 f - a scroll of blinking {unknown}
 i - a scroll of fog {unknown}
 m - 3 scrolls of identify {unknown}
 o - a scroll of teleportation {unknown}
 p - a scroll of enchant weapon {unknown}
 q - a scroll of brand weapon {unknown}
Potions
 d - a potion of lignification {unknown}
 e - 2 potions of flight {unknown}
 h - a potion of heal wounds {unknown}
 j - 2 potions of curing {unknown}
 k - a potion of might


   Skills:
 - Level 4.0 Fighting
 + Level 6.2 Axes
 - Level 4.0 Armour
 - Level 4.0 Shields


You had 4 spell levels left.
You didn't know any spells.
Your spell library contained the following spells:

 Spells                   Type           Power      Damage    Failure   Level
 Sandblast                Erth           0%         2d4       83%         1
 Shock                    Conj/Air       0%         1d3       83%         1
 Ensorcelled Hibernation  Hex/Ice        0%         N/A       92%         2
 Passwall                 Tmut/Erth      0%         N/A       92%         2
 Spider Form              Tmut/Pois      0%         N/A       99%         3
 Stone Arrow              Conj/Erth      0%         3d7       99%         3
 Tukima's Dance           Hex            0%         N/A       99%         3
 Anguish                  Hex/Necr       0%         N/A       100%        4
 Passage of Golubria      Tloc           0%         N/A       100%        4
 Yara's Violent Unravell  Hex/Tmut       0%         3d3       100%        5


Dungeon Overview and Level Annotations

Branches:
Dungeon (4/15)
 Temple: D:4-7

Altars:
Ru
Xom

Shops:
D:4 :


Message History

You kill the worm!
No target in view!
No target in view!
HP restored.
You reach down and open the door.
Found a stone staircase leading up.
There is an open door here.
You reach down and open the door.
There is an open door here.
As you open the door, it creaks loudly!
An ice beast comes into view.
You hear a shout!
Found 18 gold pieces.
Found a stone staircase leading down.
An ice beast is nearby!
Found a club.
There is an open door here.
An ogre comes into view. It is wielding a +0 giant club.
The ogre shouts!
The ogre moves out of view.
The ice beast hits you. The ice beast freezes you!
A goblin comes into view. It is wielding a +0 dagger.
You slash the ice beast!
The ice beast is moderately wounded.
The ice beast hits you but does no damage.
You closely miss the ice beast.
The ice beast is moderately wounded.
You block the ice beast's attack.
You completely miss the ice beast.
The ice beast is moderately wounded.
The ice beast hits you but does no damage. x2
You slash the ice beast!
The ice beast is severely wounded.
You hit the ogre.
The ice beast hits you but does no damage.
The ogre hits you with a +0 giant club!
You are too injured to fight recklessly!
You are too injured to fight recklessly!
Unknown command.
The ogre hits you with a +0 giant club!
You die...

#########...###..####..###
#...###'## #....#...#
....+ #....#...# ....#
#....#.<.# ....#
#....#...# ....
########'### ..#
.....###..###..####.
..........@Y........
##........#Og...>...
⌠##.......#.........
..##......#.........
!..##....###..$##.##
♣..⌠#....# #)..# #
?..##..... .....
..##...... ...... .......


You could see an ice beast, an ogre and a goblin.

Vanquished Creatures
  A scorpion (D:3)
  Terence (D:2)
  4 adders
  3 worms
  A dart slug (D:3)
  3 orcs (D:3)
  3 ball pythons
  3 endoplasms (D:3)
  A giant cockroach (D:4)
  4 hobgoblins (D:3)
  A jackal (D:3)
  4 quokkas
  3 bats
  A frilled lizard (D:2)
  8 goblins
  7 kobolds
  4 rats
52 creatures vanquished.

Notes
Turn   | Place    | Note
-------+----------+-------------------------------------------
     0 | D:1      | safid the Hill Orc Fighter began the quest for the Orb.
     0 | D:1      | Reached XP level 1. HP: 19/19 MP: 1/1
   112 | D:1      | Found a faded altar of an unknown god.
   119 | D:1      | Got Plato's Incunabulum of the Birds
   607 | D:2      | Noticed Terence
   612 | D:2      | Killed Terence
   613 | D:2      | Reached skill level 3 in Axes
   613 | D:2      | Reached XP level 2. HP: 27/27 MP: 2/2
   613 | D:2      | Reached XP level 3. HP: 33/33 MP: 3/3
  1472 | D:3      | Reached XP level 4. HP: 26/40 MP: 4/4
  1628 | D:3      | Reached skill level 4 in Axes
  2196 | D:3      | Reached skill level 5 in Axes
  2257 | D:3      | Reached XP level 5. HP: 43/46 MP: 5/5
  2361 | D:3      | Found a sacrificial altar of Ru.
  2361 | D:3      | Found a shimmering altar of Xom.
  2405 | D:3      | Reached skill level 6 in Axes
  2519 | D:4      | Found Jijugud's Book Boutique.
  2607 | D:4      | Noticed an ice beast
  2609 | D:4      | Noticed an ogre
  2616 | D:4      | Slain by an ogre

Illustrated notes

Levels and vault maps discovered:
D:1:      co_arrival_random_square_maze, layout_basic,
          shapermc_ecumenical_altar_rom_forum
D:2:      layout_loops_cross, uniq_terence
D:3:      minmay_thinvault, layout_basic, grunt_temple_overflow_open,
          minmay_goblin_outpost
D:4:      layout_gridville, hellmonk_ghost_happy_afterlife, serial_shops, shop

Skill      XL: |  1  2  3  4  5 |
---------------+----------------+-----
Fighting       | 4 |  4.0
Axes           | 3 5 6 |  6.2
Armour         | 4 |  4.0
Shields        | 4 |  4.0

Action                   |  1- 3 |  4- 6 || total
-------------------------+-------+-------++-------
Melee: War axe           |    58 |    84 ||   142
  Use: Potion            |     1 |       ||     1
Armor: Scale mail        |    29 |    49 ||    78
Dodge: Dodged            |    24 |    35 ||    59
Block: Buckler           |    11 |    26 ||    37
